 Dungeon Crawl Stone Soup version 0.31-a0-233-g139696dc86 (webtiles) character file.

Game seed: 12839488213268896864

88 qw the Shooter (level 4, -1/36 HPs)
             Began as a Minotaur Hexslinger on July 8, 2023.
             Killed by nerve-wracking pain
             ... invoked by an orc priest
              (4 damage)
             ... on level 3 of the Dungeon.
             The game lasted 00:00:38 (1616 turns).

qw the Shooter (Minotaur Hexslinger)                Turns: 1616, Time: 00:00:39

Health: -1/36      AC:  5    Str: 12    XL:     4   Next: 30%
Magic:  4/4        EV: 11    Int: 10    God:
Gold:   127        SH:  5    Dex: 15    Spells: 4/5 levels left

rFire   . . .        Y - +1 sling
rCold   . . .        (no shield)
rNeg    . . .        e - +0 ring mail
rPois   .            (helmet restricted)
rElec   .            (no cloak)
rCorr   .            (no gloves)
SInv    .            (no boots)
Will    .....        b - amulet of reflection
Stlth   +            (no ring)
HPRegen 0.26/turn    (no ring)
MPRegen 0.09/turn

%: reflection
@: about to teleport
A: horns 2, retaliatory headbutt
a: no special abilities


You were on level 3 of the Dungeon.
You visited 1 branch of the dungeon, and saw 3 of its levels.

You collected 127 gold pieces.


Innate Abilities, Weirdness & Mutations

You have a pair of horns on your head.
You reflexively headbutt those who attack you in melee.


   Skills:
 - Level 2.0 Fighting
 + Level 4.6 Ranged Weapons
 - Level 1.3 Armour
 - Level 2.1 Dodging
 - Level 1.0 Spellcasting
 - Level 2.0 Hexes


You had 4 spell levels left.
You knew the following spells:

 Your Spells              Type           Power      Damage    Failure   Level
a - Slow                  Hex            16%        N/A       32%         1

Your spell library contained the following spells:

 Spells                   Type           Power      Damage    Failure   Level
 Inner Flame              Hex/Fire       2%         N/A       83%         3
 Portal Projectile        Hex/Tloc       4%         N/A       83%         3
 Cause Fear               Hex            2%         N/A       97%         4

Inventory:

Hand Weapons
 Y - a +1 sling (weapon)
Armour
 e - a +0 ring mail (worn)
Jewellery
 b - an amulet of reflection (around neck)
Scrolls
 a - a scroll of teleportation
 i - a scroll of vulnerability {unknown}
 j - a scroll of identify
Potions
 c - 2 potions of degeneration {unknown}
 d - a potion of might {unknown}
 f - a potion of mutation {unknown}
 g - 2 potions of haste {unknown}
 h - a potion of curing {unknown}
 k - a potion of attraction {unknown}
 l - a potion of heal wounds {unknown}

Dungeon Overview and Level Annotations

Branches:
Dungeon (3/15)

Altars:

Annotations:
D:2 1 runed translucent door, Crazy Yiuf


Message History

The sling bullet closely misses the orc.
The sling bullet hits the orc priest.
The orc priest is lightly wounded.
The orc wizard gestures wildly while chanting.
The orc wizard flickers and vanishes!
Deactivating autopickup; reactivate with Ctrl-A.
The orc priest invokes the aid of Beogh against you.
Beogh smites you! The orc closely misses you.
You shoot a sling bullet.
The sling bullet closely misses the orc priest.
The orc closely misses you. You block the orc priest's attack.
You shoot a sling bullet. The sling bullet hits the orc priest.
The orc priest is heavily wounded.
The orc hits you with a +0 club. The orc priest closely misses you.
You shoot a sling bullet.
The sling bullet barely misses the orc priest.
You block the orc's attack. The orc priest misses you.
The orc priest hits you but does no damage.
The orc hits you with a +0 club.
You shoot a sling bullet.
The sling bullet barely misses the orc priest.
The orc hits you with a +0 club.
The orc priest invokes the aid of Beogh against you.
Pain shoots through your body!
You shoot a sling bullet. The sling bullet hits the orc priest.
The orc priest is severely wounded.
The orc hits you but does no damage. You block the orc priest's attack.
You shoot a sling bullet.
The sling bullet hits the orc priest but does no damage.
The orc priest is severely wounded.
The orc hits you but does no damage.
The orc priest mumbles some strange prayers to Beogh against you.
Pain shoots through your body!
1616 ||| READING 2 scrolls of teleportation.
As you read the scroll of teleportation, it crumbles to dust.
You feel strangely unstable. The orc hits you with a +0 club.
The orc priest mumbles some strange prayers to Beogh against you.
Pain shoots through your body!
You die...

.###.##.## ...[...... ..
.. .. .###.#..## #.##.
.# .#....... ....#^#
......... ......
#.##.#.## .... .....#
.{# ##...# ##o# ###.##
#o@# ####..# #..#
....#.#########..#
.................#
###.###.#######..# ..
.... #.# #..###....
#....##.##### #.........
............####.##.###.
#.......###.........#


You could see an orc priest and an orc.

Vanquished Creatures
  3 gnolls (D:3)
  An adder (D:3)
  A dart slug (D:2)
  7 bats
  7 endoplasms
  A giant cockroach (D:2)
  4 goblins
  3 hobgoblins (D:1)
  A quokka (D:2)
  5 ball pythons
  A frilled lizard (D:1)
  7 kobolds
  5 rats
46 creatures vanquished.

Notes
Turn   | Place    | Note
-------+----------+-------------------------------------------
     0 | D:1      | qw the Minotaur Hexslinger began the quest for the Orb.
     0 | D:1      | Reached XP level 1. HP: 16/16 MP: 1/1
     0 | D:1      | 0 ||| qw: Version: 0.3-a-46-gb1f654a
     0 | D:1      | 0 ||| qw: Game counter: 3567
     0 | D:1      | 0 ||| qw: Melee chars always use a shield: true
     0 | D:1      | 0 ||| qw: God list: Okawaru
     0 | D:1      | 0 ||| qw: Allow faded altars: false
     0 | D:1      | 0 ||| qw: Do Orc after clearing Dungeon:15 true
     0 | D:1      | 0 ||| qw: Do second Lair branch before Depths: true
     0 | D:1      | 0 ||| qw: Lair rune preference: random
     0 | D:1      | 0 ||| qw: Goals: Normal
     0 | D:1      | 0 ||| PLANNING D:1-11
   170 | D:1      | Reached skill level 3 in Ranged Weapons
   170 | D:1      | Reached XP level 2. HP: 23/23 MP: 2/2
   491 | D:1      | 491 ||| UPGRADING to +0 ring mail.
   501 | D:1      | 501 ||| DROPPING +0 robe.
   502 | D:1      | 502 ||| DROPPING scarf of shadows.
   503 | D:1      | 503 ||| READING 2 scrolls labelled LETYIM YC EVEA.
   507 | D:1      | 507 ||| READING scroll labelled YVVOMOEX LOCAE.
   508 | D:1      | 508 ||| DRINKING 2 cyan potions.
   509 | D:1      | 509 ||| DROPPING scroll of poison.
   510 | D:1      | 510 ||| DROPPING potion of magic.
   677 | D:2      | Reached XP level 3. HP: 19/29 MP: 3/3
   691 | D:2      | 691 ||| FLEEEEING.
   792 | D:2      | Found a runed translucent door.
   793 | D:2      | Noticed Crazy Yiuf
  1048 | D:2      | Reached skill level 4 in Ranged Weapons
  1241 | D:2      | 1241 ||| UPGRADING to amulet of reflection.
  1246 | D:2      | 1246 ||| READING scroll labelled YVIEXO YTERUOT.
  1298 | D:3      | Reached skill level 1 in Armour
  1325 | D:3      | Reached XP level 4. HP: 19/36 MP: 4/4
  1602 | D:3      | 1602 ||| Stepping ~*~*~tactically~*~*~ (outnumbered).
  1615 | D:3      | HP: 4/36 [orc priest/nerve-wracking pain (9)]
  1616 | D:3      | 1616 ||| READING 2 scrolls of teleportation.
  1616 | D:3      | Killed from afar by an orc priest

Levels and vault maps discovered:
D:1:      doesnt_arrival_eight_statues, layout_basic
D:2:      minmay_evil_eye, layout_loops_ring, uniq_crazy_yiuf_cottage
D:3:      layout_basic, hangedman_decor_lopped

Skill      XL: |  1  2  3 |
---------------+----------+-----
Ranged Weapons | 3 4 |  4.6
Fighting       | 2 |  2.0
Armour         | 1 |  1.3
Dodging        | |  2.1
Spellcasting   | |  1.0
Hexes          | |  2.0

Action                     |  1- 3 |  4- 6 || total
---------------------------+-------+-------++-------
   Fire: Sling             |   106 |    33 ||   139
    Use: Scroll            |     3 |     1 ||     4
         Potion            |     1 |       ||     1
 Armour: Ring mail         |     9 |     7 ||    16
         Robe              |     2 |       ||     2
  Dodge: Dodged            |    27 |    12 ||    39
  Block: Other             |     3 |     7 ||    10

Table legend:
 A = Non-vault XP
 B = Vault XP
 C = Vault XP percentage of total XP
 D = Non-vault monster count
 E = Vault monster count
 F = Vault count percentage of total count
                 A         B        C        D         E       F
            +---------+---------+-------+---------+---------+-------
      Total |     118 |       9 |   7.1 |      41 |       5 |  10.9
            +---------+---------+-------+---------+---------+-------
        D:1 |      24 |       0 |   0.0 |      16 |       0 |   0.0
        D:2 |      29 |       9 |  23.7 |      15 |       5 |  25.0
        D:3 |      65 |       0 |   0.0 |      10 |       0 |   0.0
            +---------+---------+-------+---------+---------+-------
